 Dungeon Crawl Stone Soup version 0.30-a0-913-g9934a0ce24 (webtiles) character file.

Game seed: 7210014481620926816

328730 barkas the Conqueror (level 21, -14/265 HPs)
             Began as an Ogre Gladiator on Mar 18, 2023.
             Was the Champion of Okawaru.
             Demolished by a vault guard
             ... wielding a +0 heavy glaive
              (17 damage)
             ... on level 5 of the Vaults on Mar 19, 2023.
             The game lasted 02:24:54 (43720 turns).

barkas the Conqueror (Ogre Gladiator)              Turns: 43720, Time: 02:24:55

Health: -14/265    AC:  7    Str: 36    XL:     21   Next: 70%
Magic:  39/39      EV: 19    Int: 11    God:    Okawaru [******]
Gold:   2552       SH:  0    Dex: 12    Spells: 16/20 levels left

rFire   + + +      SeeInvis .    a - +8 giant spiked club (vamp)
rCold   . . .      Faith    .    (shield currently unavailable)
rNeg    + . .      Spirit   .    l - +4 robe of the Insatiable Cities {+Blink rF+++ Slay+5 Stlth-}
rPois   +          Reflect  .    U - +0 hat of Immorality {rCorr Int+2}
rElec   +          Rampage  .    k - scarf "Giattat" {repulsion, rElec rPois rN+ Slay+2 Stlth-}
rCorr   +                        (gloves unavailable)
Will    +++..                    (boots unavailable) Stlth
                                 t - amulet of regeneration
HPRegen 1.44/turn                e - +5 ring of evasion
MPRegen 0.26/turn                Z - ring of Ywaom {Will+ MP+9 Str+6 Slay+2}

@: repel missiles
A: large, unfitting armour, tough skin 1
}: 2/15 runes: decaying, gossamer
a: Renounce Religion, Evoke Blink, Heroism, Finesse, Duel


You were on level 5 of the Vaults.
You worshipped Okawaru.
Okawaru was exalted by your worship.
You visited 6 branches of the dungeon, and saw 35 of its levels.
You visited the Abyss 1 time.
You also visited: Sewer and Gauntlet.

You collected 4350 gold pieces.
You spent 1798 gold pieces at shops.

Inventory:

Hand Weapons
 a - a +8 vampiric giant spiked club (weapon)
 b - the +7 great mace "Firestarter" {flame, inner flame, rFlCloud rF++}
   (You bought it in a shop on level 11 of the Dungeon)

   rFlCloud:  It grants immunity to clouds of flame.
   rF:        It greatly protects you from fire.
Missiles
 d - 5 throwing nets
 r - 3 silver javelins
 v - 12 boomerangs
 x - 61 poisoned darts
 y - 44 large rocks (quivered)
 N - 3 boomerangs of dispersal
 P - a javelin
 Q - 6 datura-tipped darts
 R - 4 curare-tipped darts
 S - 10 atropa-tipped darts
Armour
 k - the scarf "Giattat" (worn) {repulsion, rElec rPois rN+ Slay+2 Stlth-}
   (You acquired it on level 15 of the Dungeon)

   Slay:      It affects your accuracy & damage with ranged weapons and melee
   (+2).
   rElec:     It insulates you from electricity.
   rPois:     It protects you from poison.
   rN:        It protects you from negative energy.
   Stlth:     It makes you less stealthy.
 l - the +4 robe of the Insatiable Cities (worn) {+Blink rF+++ Slay+5 Stlth-}
   (Okawaru gifted it to you on level 4 of the Swamp)

   Slay:      It affects your accuracy & damage with ranged weapons and melee
   (+5).
   rF:        It renders you almost immune to fire.
   +Blink:    It lets you blink.
   Stlth:     It makes you less stealthy.
 w - +0 ice dragon scales
 U - the +0 hat of Immorality (worn) {rCorr Int+2}
   (You found it on level 1 of the Orcish Mines)

   Int:       It affects your intelligence (+2).
   rCorr:     It protects you from acid and corrosion.
Jewellery
 e - a +5 ring of evasion (left hand)
 j - a ring of flight
 t - an amulet of regeneration (around neck)
 O - the ring of Suga {Ice Dex+2}
   (You found it on level 4 of the Swamp)

   [ring of ice]

   It enhances your ice magic.
   Dex:       It affects your dexterity (+2).
   rF:        It makes you vulnerable to fire.
   rC:        It protects you from cold.
 Z - the ring of Ywaom (right hand) {Will+ MP+9 Str+6 Slay+2}
   (You bought it in a shop on level 2 of the Orcish Mines)

   [ring of strength]

   Str:       It affects your strength (+6).
   Slay:      It affects your accuracy & damage with ranged weapons and melee
   (+2).
   MP:        It affects your magic capacity (+9).
   Will:      It increases your willpower.
Wands
 g - a wand of acid (5)
 p - a wand of digging (3)
 E - a wand of flame (25)
 L - a wand of iceblast (6)
 V - a wand of mindburst (13)
 Y - a wand of polymorph (17)
Scrolls
 c - 2 scrolls of silence
 f - 5 scrolls of blinking
 i - 15 scrolls of teleportation
 m - 2 scrolls of immolation
 o - 7 scrolls of poison
 q - 7 scrolls of fog
 C - 5 scrolls of fear
 K - 5 scrolls of magic mapping
 X - 4 scrolls of vulnerability
Potions
 h - 11 potions of attraction
 n - 11 potions of mutation
 s - 7 potions of magic
 u - 11 potions of ambrosia
 z - 4 potions of invisibility
 A - 5 potions of might
 B - 8 potions of resistance
 F - 22 potions of curing
 G - 3 potions of lignification
 H - 3 potions of cancellation
 I - a potion of brilliance
 J - 3 potions of flight
 T - 7 potions of heal wounds
 W - 4 potions of haste


   Skills:
 O Level 27 Fighting
 - Level 22.0 Maces & Flails
 + Level 15.5 Throwing
 + Level 3.3 Armour
 + Level 12.6 Dodging
 + Level 12.9 Invocations


You had 16 spell levels left.
You knew the following spells:

 Your Spells              Type           Power      Damage    Failure   Level
a - Stone Arrow           Conj/Erth      0%         3d7       71%         3
b - Apportation           Tloc           0%         N/A       34%         1

Your spell library contained the following spells:

 Spells                   Type           Power      Damage    Failure   Level
 Foxfire                  Conj/Fire      0%         2x1d4     34%         1
 Necrotise                Necr           0%         1d4       34%         1
 Sandblast                Erth           0%         2d4       34%         1
 Cigotuvi's Dreadful Rot  Necr/Pois/Air  0%         N/A       47%         2
 Passwall                 Tmut/Erth      0%         N/A       47%         2
 Poisonous Vapours        Pois/Air       0%         N/A       47%         2
 Searing Ray              Conj           0%         2d4       47%         2
 Sublimation of Blood     Necr           0%         N/A       47%         2
 Wereblood                Tmut           0%         N/A       47%         2
 Dazzling Flash           Conj/Hex       0%         N/A       71%         3
 Hailstorm                Conj/Ice       0%         3d3       71%         3
 Mephitic Cloud           Conj/Pois/Air  0%         N/A       71%         3
 Portal Projectile        Hex/Tloc       0%         N/A       71%         3
 Vampiric Draining        Necr           0%         2d6       71%         3
 Vhi's Electric Charge    Tloc/Air       0%         N/A       71%         3
 Iskenderun's Mystic Bla  Conj/Tloc      0%         2d3       98%         4
 Leda's Liquefaction      Hex/Erth       0%         N/A       98%         4
 Manifold Assault         Tloc           0%         N/A       98%         4
 Agony                    Necr           0%         N/A       100%        5
 Alistair's Intoxication  Tmut/Pois      0%         N/A       100%        5
 Arcjolt                  Conj/Air       0%         1d10      100%        5
 Blade Hands              Tmut           0%         N/A       100%        5
 Borgnjor's Vile Clutch   Necr/Erth      0%         N/A       100%        5
 Fireball                 Conj/Fire      0%         3d3       100%        5
 Irradiate                Conj/Tmut      0%         3d11      100%        5
 Dispersal                Tloc           0%         N/A       100%        6
 Eringya's Noxious Bog    Tmut/Pois      0%         N/A       100%        6
 Iron Shot                Conj/Erth      0%         9d1       100%        6
 Starburst                Conj/Fire      0%         6d3       100%        6
 Dragon Form              Tmut           0%         N/A       100%        7
 Disjunction              Tloc           0%         N/A       100%        8
 Maxwell's Capacitive Co  Air            0%         ∞         100%        8
 Call Canine Familiar     Summ           Unusable   N/A       N/A         3
 Summon Hydra             Summ           Unusable   N/A       N/A         7

Dungeon Overview and Level Annotations

Branches:
Dungeon (15/15)            Temple (0/1) D:5            Lair (5/5) D:8
  Swamp (4/4) Lair:3       Spider (4/4) Lair:2        Slime (0/5) Lair:4
    Orc (2/2) D:9             Elf (0/3) Orc:2        Vaults (5/5) D:13
  Crypt (0/3) Vaults:2     Depths (0/4) D:15          Sewer (visited)
Gauntlet (visited)

Altars:
Ashenzari
Dithmenos
Fedhas
Kikubaaqudgha
Makhleb
Nemelex Xobeh
Okawaru
Qazlal
Ru
Xom
Yredelemnul
Jiyva

Shops:
D:9 [(*   D:11 (   D:13 *   Orc:2 =(*[   Vaults:4 :

Annotations:
Lair:4 1 runed translucent door
Lair:5 1 exclusion
Vaults:3 1 runed translucent door, Luiw's ghost, veteran HOBe


Innate Abilities, Weirdness & Mutations

You are too large for most types of armour.
You have tough skin. (AC +1)


Message History

Flame seeps out of the vault guard.
The vault guard hits you with a +0 great sword!!
* * * LOW HITPOINT WARNING * * *
Unknown command.
Unknown command.
Unknown command.
Unknown command.
Unknown command.
Unknown command.
You are engulfed in blazing flames.
You resist.
* * * LOW HITPOINT WARNING * * *
The spark wasp closely misses you.
The vault guard is engulfed in blazing flames.
Flame seeps out of the vault guard.
The vault guard closely misses you.
The orc knight is engulfed in blazing flames.
Flame seeps out of the orc knight.
The orc knight barely misses you.
The vault guard is engulfed in blazing flames.
Flame seeps out of the vault guard.
The vault guard is engulfed in blazing flames.
Flame seeps out of the vault guard.
The vault guard completely misses you.
The vault guard is engulfed in blazing flames.
Flame seeps out of the vault guard.
The vault guard completely misses you.
The vault guard is engulfed in blazing flames.
Flame seeps out of the vault guard.
The vault guard hits you with a +2 broad axe!!
* * * LOW HITPOINT WARNING * * *
The vault guard is engulfed in blazing flames.
Flame seeps out of the vault guard.
The vault guard hits you with a +0 great sword!
* * * LOW HITPOINT WARNING * * *
The vault guard is engulfed in blazing flames.
Flame seeps out of the vault guard.
The vault guard is engulfed in blazing flames.
Flame seeps out of the vault guard.
The vault guard closely misses you. The spark wasp stings you!
* * * LOW HITPOINT WARNING * * *
The spark wasp shocks you. You resist.
* * * LOW HITPOINT WARNING * * *
The vault guard hits you from afar with a +0 heavy glaive!
You die...

##.#....# ..
..#....#..#
##.#....#...
...........
#####...p....##
......pppp.....
.....§ppp§o....
.....pp@oppo...
.....§pyppp....
###.§§§§§§...##
#.§§§§§s.....
#........#...
...###....# ..
.... #....# .
... #....#


You could see 16 vault guards, an orc knight (inner flame), a spark wasp (inner
flame), a wolf spider and 2 orcs.

Vanquished Creatures
  Bai Suzhen (Swamp:4)
  Zenata (Arena)
  Rupert (D:12)
  2 sphinxes
  2 thorn hunters (Swamp:4)
  Frances (Spider:1)
  A storm dragon (Vaults:1)
  A fire giant (Vaults:1)
  A fenstrider witch (Swamp:3)
  6 emperor scorpions
  A deep elf sorcerer (Vaults:3)
  8 vault wardens
  2 ghost moths
  A balrug (Abyss:2)
  24 ironbound preservers
  7 broodmothers
  5 orc warlords
  A hydra skeleton (Swamp:4)
  3 war gargoyles
  2 stone giants (Vaults:1)
  9 ironbound thunderhulks
  3 vampire knights
  14 dire elephants
  4 bunyips
  5 eleionomae
  An eidolon (Vaults:2)
  A spark wasp (Spider:1)
  A blizzard demon (Abyss:2)
  3 crystal guardians
  Josephine (D:12)
  A fire dragon (D:15)
  3 shambling mangroves (Swamp:4)
  A jiangshi (Vaults:2)
  5 great orbs of eyes
  2 deep elf high priests
  9 entropy weavers
  8 yaktaur captains
  5 peacekeepers
  17 hydras
  Harold (Lair:1)
  An ice dragon (D:15)
  11 vault guards
  An ogre mage (D:14)
  4 jorogumos
  5 radroaches (Spider:3)
  Erica (Orc:1)
  2 ghost crabs
  14 centaur warriors
  11 two-headed ogres
  5 alligators
  7 ironbound frosthearts
  11 boulder beetles
  The ghost of AverageBear the Cleaver, a journeyman OpFi of Gozag (Orc:1)
  3 catoblepae
  6 orc high priests
  12 death yaks
  A thrashing horror (Abyss:2)
  A vampire mage (Vaults:2)
  A titan zombie (Vaults:4)
  5 spriggans
  4 sun demons (Abyss:2)
  Amaemon (D:11)
  A skyshark (Lair:4)
  Lodul (D:13)
  5 skeletal warriors (D:15)
  60 deep trolls
  4 sun moths (Spider:3)
  9 orb spiders
  4 spriggan druids
  9 pharaoh ants
  11 swamp dragons
  3 flayed ghosts (Swamp:4)
  2 goliath frogs (Swamp:2)
  4 spectral hydras (Swamp:4)
  5 bog bodies
  4 steelbarb worms
  2 phantasmal warriors
  A large abomination (Abyss:2)
  3 harpies (Vaults:2)
  13 lindwurms
  17 orc knights
  13 ironbound convokers
  2 necromancers
  9 wizards
  25 wolf spiders
  3 oklob plants (Swamp:4)
  A stone giant zombie (Vaults:4)
  2 deep elf pyromancers
  7 will-o-the-wisps
  22 ugly things
  2 moths of wrath
  6 cyclopes
  2 manticores
  7 orc sorcerers
  A guardian serpent (shapeshifter) (D:9)
  10 elephants
  A moth of wrath (shapeshifter) (Vaults:3)
  6 demonic crawlers
  Joseph (D:9)
  4 black mambas
  10 vault sentinels
  2 gargoyles (D:12)
  3 torpor snails
  A smoke demon (D:10)
  A cane toad (Lair:2)
  Psyche (D:11)
  2 kobold demonologists (D:12)
  2 orange demons
  16 yaktaurs
  A yaktaur zombie (Vaults:4)
  3 ice devils (D:10)
  2 rime drakes
  4 freezing wraiths
  6 komodo dragons
  2 efreet
  A hydra zombie (Swamp:4)
  A human skeleton (Vaults:4)
  7 trolls
  16 tyrant leeches
  Grinder (D:3)
  15 meliai
  3 death drake zombies (Swamp:4)
  2 bloated husks
  A hellwing (D:10)
  A raiju (Abyss:2)
  26 tarantellas
  12 hornets
  2 polar bears
  22 blink frogs
  7 dream sheep (Lair:3)
  A death drake skeleton (Swamp:4)
  38 jumping spiders
  A centaur simulacrum (D:12)
  Sigmund (D:6)
  22 slime creatures
  A vampire (D:11)
  24 culicivoras
  7 wraiths
  2 ynoxinuls
  2 shadows
  Eustachio (D:6)
  3 wyverns
  30 yaks
  53 redbacks
  A chaos spawn (D:10)
  18 vampire mosquitoes
  3 basilisks
  A steam dragon (Lair:2)
  2 wargs
  2 acid dragons
  28 swamp worms
  5 water moccasins
  2 hydra simulacra (Swamp:4)
  A glowing shapeshifter zombie (Vaults:4)
  A sky beast (D:7)
  A black bear (D:5)
  2 swamp dragon zombies (Swamp:4)
  4 swamp drakes
  2 ice beasts (D:6)
  32 orc warriors
  3 small abominations (Abyss:2)
  5 wolves (Lair:4)
  15 ogres
  A swamp dragon skeleton (Swamp:4)
  4 boggarts (Vaults:1)
  7 centaurs
  A phantom (D:5)
  Blork the orc (D:4)
  7 kobold brigands
  12 bullfrogs
  3 gnoll sergeants
  2 scorpions
  9 wights
  4 howler monkeys
  6 hounds
  5 jellies
  Crazy Yiuf (D:4)
  22 orc priests
  3 gnoll boudas
  2 sleepcaps
  Jessica (D:3)
  25 orc wizards
  An iguana (D:5)
  27 gnolls
  9 river rats
  11 adders
  3 white imps
  An ufetubus (D:6)
  8 worms
  2 dart slugs
  70 orcs
  3 bats
  8 endoplasms
  5 giant cockroaches
  7 goblins
  5 hobgoblins
  7 jackals
  10 quokkas
  7 ball pythons
  4 frilled lizards
  20 kobolds
  25 rats
1391 creatures vanquished.

Vanquished Creatures (others)
  A centaur warrior (Vaults:1)
  A wolf spider (Spider:1)
  A yaktaur (Vaults:3)
  2 demonic plants (D:10)
  11 foxfires
  8 fungi
  40 plants
64 creatures vanquished.

Grand Total: 1455 creatures vanquished

Notes
Turn   | Place    | Note
-------+----------+-------------------------------------------
     0 | D:1      | barkas the Ogre Gladiator began the quest for the Orb.
     0 | D:1      | Reached XP level 1. HP: 22/22 MP: 1/1
   193 | D:1      | Reached XP level 2. HP: 28/29 MP: 2/2
   209 | D:1      | Reached skill level 3 in Fighting
   221 | D:1      | Found a faded altar of an unknown god.
   242 | D:1      | Prayed at the altar of an unknown god.
   242 | D:1      | Became a worshipper of Warmaster Okawaru
   242 | D:1      | Reached * piety under Okawaru
   909 | D:2      | Reached XP level 3. HP: 36/37 MP: 3/3
  1176 | D:2      | Reached XP level 4. HP: 23/48 MP: 4/4
  2080 | D:3      | Found a stormy altar of Qazlal.
  2114 | D:3      | Found an ancient bone altar of Kikubaaqudgha.
  2172 | D:3      | Noticed Grinder
  2173 | D:3      | Paralysed by Grinder for 5 turns
  2184 | D:3      | Paralysed by Grinder for 2 turns
  2188 | D:3      | Killed Grinder
  2188 | D:3      | Reached ** piety under Okawaru
  2189 | D:3      | Reached skill level 4 in Fighting
  2189 | D:3      | Reached XP level 5. HP: 49/55 MP: 5/5
  2189 | D:3      | Reached XP level 6. HP: 57/65 MP: 6/6
  2365 | D:3      | Found a glowing drain.
  2365 | D:3      | Noticed Jessica
  2369 | D:3      | Killed Jessica
  2397 | D:3      | Reached skill level 5 in Maces & Flails
  2409 | D:3      | Reached skill level 5 in Fighting
  2427 | Sewer    | Entered a sewer
  2551 | Sewer    | Reached XP level 7. HP: 72/72 MP: 7/7
  2924 | Sewer    | Reached skill level 6 in Fighting
  3399 | D:3      | Found a sacrificial altar of Ru.
  3942 | D:4      | Noticed Blork the orc
  3948 | D:4      | Killed Blork the orc
  3949 | D:4      | Reached XP level 8. HP: 81/84 MP: 8/8
  4291 | D:4      | Found a shimmering altar of Xom.
  4464 | D:4      | Found a runed translucent door.
  4465 | D:4      | Noticed Crazy Yiuf
  4495 | D:5      | Entered Level 5 of the Dungeon
  4536 | D:5      | Reached *** piety under Okawaru
  4562 | D:5      | Reached skill level 5 in Throwing
  4638 | D:5      | Reached skill level 7 in Fighting
  4779 | D:5      | Found a staircase to the Ecumenical Temple.
  5099 | D:6      | Reached XP level 9. HP: 71/96 MP: 9/9
  5171 | D:6      | Reached **** piety under Okawaru
  5172 | D:6      | Reached skill level 8 in Fighting
  5322 | D:6      | Noticed Sigmund
  5328 | D:6      | Killed Sigmund
  5542 | D:6      | Noticed Eustachio
  5573 | D:6      | Killed Eustachio
  5629 | D:6      | Reached skill level 9 in Fighting
  5988 | D:7      | Reached ***** piety under Okawaru
  6036 | D:7      | Reached XP level 10. HP: 102/107 MP: 10/10
  6799 | D:8      | Found a basalt altar of Yredelemnul.
  7018 | D:8      | Found a staircase to the Lair.
  7205 | D:8      | Found a broken altar of Ashenzari.
  7469 | D:9      | Noticed a guardian serpent
  7484 | D:9      | Killed a guardian serpent
  7484 | D:9      | Identified the +2 robe of the Illusory Runes {+Inv Str+2}
                  | (Okawaru gifted it to you on level 9 of the Dungeon)
  7484 | D:9      | Received a gift from Okawaru
  7485 | D:9      | Reached skill level 10 in Fighting
  7485 | D:9      | Reached skill level 10 in Maces & Flails
  7552 | D:9      | Found a blossoming altar of Fedhas.
  7682 | D:9      | Found Mehickurch's General Store.
  7717 | D:9      | Found an iron altar of Okawaru.
  7723 | D:9      | Found a sparkling altar of Nemelex Xobeh.
  7723 | D:9      | Found a burning altar of Makhleb.
  7865 | D:9      | Noticed Joseph
  7881 | D:9      | Killed Joseph
  7996 | D:9      | Found Ynlam's Weapon Shop.
  7998 | D:9      | Found a staircase to the Orcish Mines.
  8000 | D:9      | Found Idowuxze's Armour Shop.
  8216 | D:10     | Entered Level 10 of the Dungeon
  8218 | D:10     | Reached skill level 11 in Fighting
  8404 | D:10     | Reached XP level 11. HP: 120/120 MP: 11/11
  8477 | D:10     | Found a viscous altar of Jiyva.
  8872 | D:10     | Found a shadowy altar of Dithmenos.
  8891 | D:10     | Reached skill level 1 in Invocations
  9309 | D:10     | Noticed a two-headed ogre
  9318 | D:10     | Killed a two-headed ogre
  9434 | D:10     | Noticed a two-headed ogre
  9445 | D:10     | Killed a two-headed ogre
  9446 | D:10     | Reached skill level 12 in Fighting
  9499 | D:10     | Received a gift from Okawaru
  9926 | D:11     | Found Pees's Weapon Boutique.
 10066 | D:11     | Noticed a cyclops
 10072 | D:11     | Killed a cyclops
 10072 | D:11     | Received a gift from Okawaru
 10124 | D:11     | Noticed Psyche
 10127 | D:11     | Killed Psyche
 10269 | D:11     | Noticed Amaemon
 10275 | D:11     | Killed Amaemon
 10275 | D:11     | Received a gift from Okawaru
 10740 | D:11     | Noticed a two-headed ogre
 10747 | D:11     | Killed a two-headed ogre
 10747 | D:11     | Received a gift from Okawaru
 10748 | D:11     | Reached skill level 5 in Invocations
 10748 | D:11     | Reached XP level 12. HP: 133/133 MP: 15/15
 10970 | Lair:1   | Entered Level 1 of the Lair of Beasts
 11103 | Lair:1   | Noticed Harold
 11130 | Lair:1   | Killed Harold
 11557 | Lair:1   | Received a gift from Okawaru
 11661 | Lair:1   | Reached skill level 13 in Fighting
 11848 | Lair:1   | Identified the +2 pair of boots of Ychonuc {rElec}
 12932 | Lair:2   | Identified the +0 leather armour "Ziblired" {Harm rC+}
 13013 | Lair:2   | Found a hole to the Spider Nest.
 13457 | Lair:3   | Found a gate leading to a gauntlet.
 13458 | Lair:3   | Received a gift from Okawaru
 13513 | Lair:3   | Noticed a boulder beetle
 13522 | Lair:3   | Killed a boulder beetle
 13605 | Gauntlet | Entered a Gauntlet
 13605 | Gauntlet | Found a transporter.
 13612 | Gauntlet | Found a transporter.
 13615 | Gauntlet | Found a transporter.
 13616 | Gauntlet | Found a transporter.
 13620 | Gauntlet | Found a runed translucent door.
 13620 | Gauntlet | Found a runed translucent door.
 13624 | Gauntlet | Found a transporter.
 13627 | Gauntlet | Found a transporter.
 13628 | Gauntlet | Found a transporter.
 13636 | Gauntlet | Found the +8 storm bow {elec, penet}
 13639 | Gauntlet | Found a transporter.
 13639 | Gauntlet | Found a transporter.
 13640 | Gauntlet | Found a transporter.
 13651 | Gauntlet | Found a transporter.
 13652 | Gauntlet | Found a transporter.
 13656 | Gauntlet | Found a transporter.
 13660 | Gauntlet | Found a transporter.
 13662 | Gauntlet | Noticed a catoblepas
 13810 | Lair:3   | Found a staircase to the Swamp.
 13936 | Lair:3   | Reached XP level 13. HP: 129/145 MP: 18/18
 13944 | Lair:3   | Reached skill level 14 in Fighting
 14717 | Lair:4   | Found a runed translucent door.
 14719 | Lair:4   | Found a viscous altar of Jiyva.
 14721 | Lair:4   | Found a staircase to the Slime Pits.
 14999 | D:11     | Bought the +7 great mace "Firestarter" {flame, inner flame,
                  | rFlCloud rF++} for 854 gold pieces
 14999 | D:11     | Found the +7 great mace "Firestarter" {flame, inner flame,
                  | rFlCloud rF++}
 15569 | Lair:5   | Entered Level 5 of the Lair of Beasts
 15649 | Lair:5   | Identified the +0 hat of Ycseynk {rPois rC- rN+} (Okawaru
                  | gifted it to you on level 5 of the Lair of Beasts)
 15649 | Lair:5   | Received a gift from Okawaru
 15657 | Lair:4   | Reached skill level 10 in Throwing
 15670 | Lair:4   | HP: 7/148 [poisoned by a black mamba]
 15839 | Lair:5   | Reached ****** piety under Okawaru
 16266 | Lair:5   | Reached skill level 15 in Maces & Flails
 16271 | Lair:5   | Reached skill level 15 in Fighting
 16416 | Lair:5   | Received a gift from Okawaru
 16698 | Lair:5   | Identified the amulet "Ekownix" {Faith -Tele Str+5 Dex+8}
 16717 | Lair:5   | Reached XP level 14. HP: 141/159 MP: 20/20
 16832 | Lair:5   | Received a gift from Okawaru
 17025 | Lair:5   | Learned a level 3 spell: Stone Arrow
 17027 | Lair:5   | Learned a level 1 spell: Apportation
 17950 | D:12     | Identified the +1 animal skin "Xeofa" {+Blink +Inv rF++ rC-
                  | Will-} (Okawaru gifted it to you on level 12 of the
                  | Dungeon)
 17950 | D:12     | Received a gift from Okawaru
 17979 | D:12     | Noticed Josephine
 17990 | D:12     | Killed Josephine
 18484 | D:12     | Noticed Rupert
 18684 | Orc:1    | Entered Level 1 of the Orcish Mines
 18698 | Orc:1    | Paralysed by an orc sorcerer for 4 turns
 18700 | Orc:1    | Noticed an orc warlord
 18763 | D:9      | Killed an orc warlord
 18820 | Orc:1    | Reached skill level 16 in Fighting
 18821 | Orc:1    | Noticed Erica
 18829 | Orc:1    | Killed Erica
 19140 | Orc:1    | Found a runed translucent gate.
 19141 | Orc:1    | Found a runed translucent gate.
 19141 | Orc:1    | Noticed AverageBear's ghost (journeyman OpFi)
 19143 | Orc:1    | Found a runed translucent gate.
 19222 | Orc:1    | You fall into a shaft and drop 1 floor!
 19222 | Orc:2    | Entered Level 2 of the Orcish Mines
 19556 | Orc:2    | Found a staircase to the Elven Halls.
 20190 | Orc:2    | Received a gift from Okawaru
 20301 | Orc:2    | Reached XP level 15. HP: 141/171 MP: 22/22
 20353 | Orc:2    | Received a gift from Okawaru
 20528 | Orc:2    | Noticed an orc warlord
 20539 | Orc:2    | Killed an orc warlord
 20948 | Orc:2    | Found Vaxoleofa's General Store.
 20949 | Orc:2    | Found Zeczeur's Jewellery Emporium.
 20950 | Orc:2    | Found Nuzxez's Antique Armour Shoppe.
 20950 | Orc:2    | Found Tunniatu's Antique Weapon Shoppe.
 21307 | D:13     | Received a gift from Okawaru
 21372 | D:13     | Noticed Lodul
 21401 | D:13     | Killed Lodul
 21468 | D:13     | Found Saatapheih's Assorted Antiques.
 21492 | D:13     | Bought a scroll labelled UNINICLYCW for 34 gold pieces
 21501 | D:13     | Found a gate to the Vaults.
 21515 | D:13     | Identified 2 scrolls of acquirement
 21518 | D:13     | Acquired the +4 tower shield "Fepiolif" {Will+}
 21519 | D:13     | Acquired a manual of Dodging
 21965 | D:14     | Reached skill level 17 in Fighting
 22310 | D:14     | You fall into a shaft and drop 1 floor!
 22310 | D:15     | Entered Level 15 of the Dungeon
 23307 | D:14     | Reached skill level 5 in Dodging
 23501 | D:15     | Acquired the scarf "Giattat" {repulsion, rElec rPois rN+
                  | Slay+2 Stlth-}
 23730 | D:15     | Received a gift from Okawaru
 24075 | D:15     | Found a staircase to the Depths.
 24098 | D:15     | Upgraded the game from 0.30-a0-900-g23479c02f2 to
                  | 0.30-a0-913-g9934a0ce24
 24356 | Swamp:1  | Entered Level 1 of the Swamp
 24372 | Lair:3   | Identified the +1 kite shield of Purpose {Fly} (Okawaru
                  | gifted it to you on level 3 of the Lair of Beasts)
 24372 | Lair:3   | Received a gift from Okawaru
 24760 | Swamp:1  | Reached XP level 16. HP: 54/185 MP: 23/23
 24981 | Swamp:1  | Reached skill level 18 in Fighting
 25118 | Swamp:1  | Acquired 964 gold pieces
 26254 | Swamp:2  | You fall into a shaft and drop 1 floor!
 26272 | Swamp:3  | Received a gift from Okawaru
 26891 | Swamp:3  | Noticed a fenstrider witch
 26899 | Swamp:3  | Killed a fenstrider witch
 27029 | Swamp:4  | Entered Level 4 of the Swamp
 27091 | Swamp:4  | Identified the ring of Suga {Ice Dex+2} (You found it on
                  | level 4 of the Swamp)
 27254 | Swamp:4  | Reached skill level 19 in Fighting
 27315 | Swamp:4  | Noticed Bai Suzhen
 27347 | Swamp:4  | Killed Bai Suzhen
 27348 | Swamp:4  | Reached skill level 10 in Dodging
 27400 | Swamp:4  | Reached XP level 17. HP: 198/198 MP: 24/24
 27555 | Swamp:4  | Identified the +4 robe of the Insatiable Cities {+Blink
                  | rF+++ Slay+5 Stlth-} (Okawaru gifted it to you on level 4
                  | of the Swamp)
 27555 | Swamp:4  | Received a gift from Okawaru
 28290 | Swamp:4  | Found a basalt altar of Yredelemnul.
 28683 | Swamp:4  | Found a blossoming altar of Fedhas.
 28796 | Swamp:4  | Got a decaying rune of Zot
 28962 | Spider:1 | Entered Level 1 of the Spider Nest
 29266 | Spider:1 | Reached skill level 20 in Fighting
 29359 | Spider:1 | Noticed Frances
 29368 | Spider:1 | Killed Frances
 29547 | Spider:1 | Received a gift from Okawaru
 29598 | Spider:1 | Received a gift from Okawaru
 29836 | Spider:1 | Received a gift from Okawaru
 30471 | Spider:2 | Reached XP level 18. HP: 213/213 MP: 25/25
 31065 | Spider:2 | Reached skill level 10 in Invocations
 31096 | Spider:2 | Received a gift from Okawaru
 31653 | Spider:3 | Received a gift from Okawaru
 32254 | Spider:3 | Reached skill level 21 in Fighting
 32752 | Spider:3 | Received a gift from Okawaru
 33428 | Spider:4 | Entered Level 4 of the Spider Nest
 33845 | Spider:4 | Received a gift from Okawaru
 34141 | Spider:4 | Received a gift from Okawaru
 34712 | Spider:4 | Received a gift from Okawaru
 34719 | Spider:4 | Reached XP level 19. HP: 196/224 MP: 27/27
 35233 | Spider:4 | Got a gossamer rune of Zot
 35570 | Orc:2    | Bought the ring of Ywaom {Will+ MP+9 Str+6 Slay+2} for 910
                  | gold pieces
 35690 | Orc:1    | Received a gift from Okawaru
 35704 | Orc:1    | Killed AverageBear's ghost
 35906 | Orc:1    | Identified the +0 hat of Immorality {rCorr Int+2}
 36115 | D:4      | Killed Crazy Yiuf
 36501 | D:12     | Killed Rupert
 36709 | Vaults:1 | Entered Level 1 of the Vaults
 37207 | Vaults:1 | Identified the staff of air "Jucuth" {rElec rC++ rN+ Dex-5}
 37895 | Vaults:1 | Identified the +0 cloak of the Countless Demons {Harm
                  | Rampage rPois rN+} (Okawaru gifted it to you on level 1 of
                  | the Vaults)
 37895 | Vaults:1 | Received a gift from Okawaru
 38090 | Vaults:1 | Reached skill level 22 in Fighting
 38109 | Abyss:2  | Cast into level 2 of the Abyss (a wizard)
 38462 | Vaults:1 | Escaped the Abyss
 39057 | Vaults:2 | Reached XP level 20. HP: 223/239 MP: 29/29
 39130 | Vaults:2 | Received a gift from Okawaru
 39272 | Vaults:2 | Reached skill level 23 in Fighting
 39401 | Vaults:2 | Received a gift from Okawaru
 39413 | Vaults:2 | Reached skill level 15 in Throwing
 39651 | Vaults:2 | Received a gift from Okawaru
 39933 | Vaults:2 | Found a staircase to the Crypt.
 40035 | Vaults:2 | Reached skill level 24 in Fighting
 40100 | Vaults:2 | Received a gift from Okawaru
 40645 | Vaults:2 | Reached skill level 25 in Fighting
 41190 | Vaults:3 | Reached skill level 26 in Fighting
 41225 | Vaults:3 | Received a gift from Okawaru
 41226 | Vaults:3 | Reached XP level 21. HP: 179/261 MP: 30/30
 41253 | Vaults:3 | Received a gift from Okawaru
 41763 | Vaults:3 | Received a gift from Okawaru
 41828 | Vaults:3 | Reached skill level 27 in Fighting
 42009 | Vaults:3 | Received a gift from Okawaru
 42023 | Vaults:3 | Found a runed translucent door.
 42023 | Vaults:3 | Noticed Luiw's ghost (veteran HOBe)
 42085 | Vaults:3 | Reached skill level 1 in Armour
 42437 | Vaults:4 | Noticed Zenata
 42450 | Arena    | Entered the Arena
 42457 | Arena    | Killed Zenata
 42770 | Vaults:4 | Got the Writings on the Impact
 42853 | Vaults:4 | Found Ytuafock's Book Emporium.
 43337 | Vaults:4 | Received a gift from Okawaru
 43713 | Vaults:5 | Entered Level 5 of the Vaults
 43720 | Vaults:5 | HP: 7/265 [spark wasp (glowing shapeshifter) (12)]
 43720 | Vaults:5 | HP: 3/265 [spark wasp (glowing shapeshifter) (4)]
 43720 | Vaults:5 | Demolished by a vault guard

Illustrated notes

Levels and vault maps discovered:
D:1:      minmay_arrival_plants_in_alcoves, layout_basic, basic_ecumenical_altar
D:2:      layout_basic, serial_co_window_serial, co_window_corner_a,
          co_window_corner_a, co_window_of_opportunity_a, co_window_paths_a,
          co_window_corner_a, co_window_of_opportunity_a, co_window_corner_a,
          co_window_of_opportunity_a, co_window_of_opportunity_a,
          co_window_2corner, co_window_paths_c, co_window_unsneaky_path_c,
          co_window_2corner, co_window_unsneaky_path_a, co_window_4corner_b,
          glass_columns_b, glass_columns_b, glass_columns_b, glass_columns_a,
          glass_columns_a, interstate_on_off
D:3:      layout_basic, nicolae_kikubaaqudgha_miasma_corner,
          nicolae_ru_awakened_eye, nicolae_qazlal_scattered_showers,
          gup_sewer_entry_glass, dreamdust_princess_bridge, uniq_grinder,
          uniq_jessica
D:4:      layout_gridville, mainiacjoe_overflow_surrounded_room,
          minmay_misc_feat_ornament, dk_vineyard_3, uniq_crazy_yiuf_cottage,
          uniq_blork_the_orc
D:5:      minmay_chambers_of_fours, layout_rooms,
          minmay_temple_entry_proselytizer
D:6:      layout_rooms, amcnicky_mini_pool_medium, uniq_eustachio, uniq_sigmund
D:7:      lemuel_ratsnest, layout_basic
D:8:      layout_basic, mainiacjoe_overflow_small_starburst, lemuel_tele_altar,
          lair_entry_dummy
D:9:      layout_big_octagon, grunt_temple_overflow_open,
          mainiacjoe_overflow_catwalk, orc_david_3, serial_shops, shop_statue,
          uniq_joseph
D:10:     layout_grid_maze, grunt_dithmenos_smoke, serial_demonic,
          serial_demonic_f, serial_demonic_f, serial_demonic_e,
          serial_demonic_e, jiyva_altar_1
D:11:     layout_basic, serial_shops,
          nicolae_shop_temple_entry_statues_fountains, uniq_psyche, uniq_amaemon
D:12:     minmay_box_of_statues, layout_cave_pools, uniq_josephine, uniq_rupert
D:13:     layout_rooms, david_vaults_2, serial_shops, nicolae_shop_crystal,
          uniq_lodul
D:14:     layout_irregular_city, corexii_corridor_pit,
          portal_ice_cave_entry_frozen_things
D:15:     grunt_enter_depths_hoard, layout_long_grid, serial_park_gazebo
          [serial_park_minivault_5x5_5]
Lair:1:   layout_cave_pods, uniq_harold
Lair:2:   layout_misc_corridors, nicolae_spider_entry_tight_spaces
Lair:3:   layout_cave_shapes, swamp_mist, gauntlet_entry_generic,
          grunt_megastairs_5
Lair:4:   layout_hall_layers, slime_entry_2
Lair:5:   evilmike_catoblepas_cave, layout_regular_city, grunt_megastairs_2,
          infiniplex_staircase_pool_2
Swamp:1:  layout_basic_swamp, evilmike_swamp_ruin_house_3, swamp_pool3,
          nzn_swamp_dancing_lights
Swamp:2:  layout_falls_marsh, evilmike_swamp_ruin_house_1, swamp_pool4,
          nicolae_swamp_vermiculated
Swamp:3:  layout_falls_marsh, evilmike_swamp_ruin_rubble_2
Swamp:4:  byrel_swamp_growth_death_and_undeath, layout_basic_swamp,
          uniq_bai_suzhen
Spider:1: layout_cave_pods, nicolae_spider_rock_and_or_roll, uniq_frances
Spider:2: layout_spider_delve, hangedman_spider_tarantella_strand
Spider:3: layout_chambers, nicolae_spider_solar_radiation
Spider:4: hellmonk_spider_rune_endless_swarm
Orc:1:    layout_caves, biasface_ghost_orc_armoury, basic_altar, uniq_erica
Orc:2:    st_orc_congregation, layout_diamond_mine
Vaults:1: st_octagons_2, vaults_standard_mumra_lines, v_misc_8,
          hangedman_vaults_slither, v_misc_25, v_rooms_6,
          ontoclasm_vaults_ring_large, nicolae_vaults_diagonal_hallway_8,
          nicolae_vaults_network_quinsquares
          [nicolae_vaults_network_quincunx_subvault,
          nicolae_vaults_network_quincunx_subvault,
          nicolae_vaults_network_quincunx_subvault,
          nicolae_vaults_network_quincunx_subvault],
          nicolae_vaults_little_squares_1, dpeg_vaults_monster_row,
          layout_vaults_omnibox, serial_shops
Vaults:2: portal_desolation_entry_twin_temple, vaults_mumra_minichess_inversion,
          nicolae_vaults_fighting_squares, hangedman_vaults_slice,
          vaults_dpeg_ring, v_alt_pattern_4, grunt_vaults_hallway_long,
          vaults_dpeg_spiral, hangedman_vaults_nails, v_misc_5,
          minmay_crypt_entry_simple_box, layout_vaults_big_room
Vaults:3: ebering_ghost_inner_flame, dpeg_vaults_monster_box, v_misc_29,
          nicolae_vaults_little_squares_4, grunt_vaults_hallway_short,
          vaults_room_octagon, hangedman_vaults_corner, v_misc_12, v_misc_18,
          nicolae_vaults_diagonal_hallway_7, nicolae_vaults_rhombus_6,
          vaults_room_semicircle, grunt_vaults_hallway_short,
          nicolae_vaults_bisected_slash, st_lattice, grunt_vaults_hallway_long,
          layout_vaults_ring, serial_shops, shop
Vaults:4: nicolae_vaults_network_square, vaults_room_corners, vaults_room_boxed,
          v_misc_22, vaults_room_hallway, hangedman_vaults_capsules,
          vaults_room_fours, vaults_room_corners, vaults_room_mumra_shop_pool,
          layout_vaults_omnigrid, uniq_zenata
Vaults:5: serial_shops

Skill      XL: |  1  2  3  4  5  6  7  8  9 10 11 12 13 14 15 16 17 18 19 20 21 |
---------------+----------------------------------------------------------------+-----
Maces & Flails | 3 4 5 6 7 9 11 12 13 15 16 17 19 20 21 22 | 22.0
Fighting       | 3 4 5 6 7 9 11 12 13 15 16 17 19 20 21 22 26 27 | 27.0
Throwing       | 3 4 5 7 8 9 10 11 12 13 14 15 | 15.5
Invocations    | 5 7 8 9 11 12 | 12.9
Dodging        | 6 10 11 12 | 12.6
Armour         | 3 |  3.3

Action                     |  1- 3 |  4- 6 |  7- 9 | 10-12 | 13-15 | 16-18 | 19-21 || total
---------------------------+-------+-------+-------+-------+-------+-------+-------++-------
  Melee: Flail             |    95 |    69 |   107 |       |       |       |       ||   271
         Punch             |     1 |     1 |       |       |       |       |       ||     2
         Mace              |       |       |   109 |       |       |       |       ||   109
         Whip              |       |       |    56 |   176 |       |       |       ||   232
         Morningstar       |       |       |     1 |   161 |       |       |       ||   162
         Giant spiked club |       |       |       |   173 |   280 |   891 |   802 ||  2146
         Demon whip        |       |       |       |    31 |       |       |       ||    31
         Great mace        |       |       |       |       |   373 |    30 |    25 ||   428
  Throw: Large rock        |     2 |     2 |     3 |    34 |    54 |   139 |    73 ||   307
         Boomerang         |       |    23 |   161 |    23 |    62 |   103 |    12 ||   384
         Throwing net      |       |     2 |       |     3 |       |       |       ||     5
         Dart              |       |       |     5 |    77 |    19 |     3 |     1 ||   105
         Javelin           |       |       |       |       |    14 |    23 |     5 ||    42
   Cast: Apportation       |       |       |       |       |       |    13 |       ||    13
 Invoke: Heroism           |       |     2 |       |     9 |     8 |     8 |     6 ||    33
         Finesse           |       |       |       |     1 |       |     1 |       ||     2
         Duel              |       |       |       |       |       |       |     1 ||     1
  Evoke: Wand              |       |       |     1 |     8 |       |     1 |     1 ||    11
    Use: Scroll            |       |     3 |     3 |    19 |    12 |     7 |     7 ||    51
         Potion            |       |       |       |     2 |       |     2 |     5 ||     9
   Stab: Sleeping          |       |     1 |     1 |       |       |       |       ||     2
         Held in net/web   |       |       |       |     2 |       |       |       ||     2
 Armour: Robe              |    23 |    12 |    44 |    59 |    91 |   104 |   115 ||   448
         Swamp dragon scal |       |       |       |       |       |    58 |       ||    58
         Skin              |       |       |       |       |       |     6 |       ||     6
  Dodge: Dodged            |    56 |    24 |   157 |   388 |   562 |   879 |   584 ||  2650
         Repelled          |       |     1 |     2 |     3 |     2 |    19 |     7 ||    34

Table legend: (Time is in decaauts)
 A = Elapsed time spent in this place.
 B = Non-inter-level travel time spent in this place.
 C = Inter-level travel time spent in this place.
 D = Time resting spent in this place.
 E = Time spent auto-exploring this place.
 F = Levels seen in this place.
 G = Mean time per level.
                   A        B        C        D        E       F      G
               +--------+--------+--------+--------+--------+-----+--------+
         Total |  43247 |  39686 |   3561 |   7019 |  21045 |  39 | 1108.9 |
       Dungeon |  15687 |  13724 |   1963 |   1466 |   8108 |  15 | 1045.8 |
          Lair |   6719 |   6205 |    514 |   1834 |   3009 |   5 | 1343.8 |
         Swamp |   4332 |   4000 |    332 |    623 |   1864 |   4 | 1083.0 |
   Spider Nest |   6159 |   5960 |    199 |   1838 |   2544 |   4 | 1539.8 |
  Orcish Mines |   2839 |   2399 |    440 |    412 |    976 |   2 | 1419.5 |
        Vaults |   6298 |   6186 |    112 |    836 |   3797 |   5 | 1259.6 |
         Abyss |    341 |    341 |      0 |      0 |    235 |   1 |  341.0 |
         Sewer |    706 |    706 |      0 |      9 |    421 |   1 |  706.0 |
      Gauntlet |    138 |    138 |      0 |      0 |     91 |   1 |  138.0 |
         Arena |     23 |     23 |      0 |      0 |      0 |   1 |   23.0 |
               +--------+--------+--------+--------+--------+-----+--------+

Top non-repeatable levels by time:
   Orc:2: 1896 daAuts
Vaults:1: 1850 daAuts
Spider:4: 1826 daAuts
    D:10: 1794 daAuts
 Swamp:4: 1793 daAuts
Spider:3: 1733 daAuts
  Lair:4: 1570 daAuts
Vaults:2: 1542 daAuts
Spider:2: 1526 daAuts
  Lair:1: 1522 daAuts
Vaults:4: 1474 daAuts
Vaults:3: 1424 daAuts
     D:2: 1416 daAuts
  Lair:2: 1337 daAuts
  Lair:5: 1324 daAuts
